 Dungeon Sprint DCSS version 0.16-a0-262-g6fc725f (webtiles) character file.

42 BluebellGnoll the Thaumaturge (level 3, 16/16 HPs)
             Began as a Spriggan Air Elementalist on Aug 25, 2014.
             Was an Initiate of Sif Muna.
             Quit the game in the Dungeon (Sprint IX: "|||||||||||||||||||||||||||||").
             The game lasted 00:02:10 (219 turns).

BluebellGnoll the Thaumaturge (SpAE)                 Turns: 219, Time: 00:02:11

HP  16/16        AC  2     Str  7      XL: 3   Next: 35%
MP  18/18        EV 18     Int 20      God: Sif Muna [......]
Gold 0           SH  0     Dex 16      Spells:  2 memorised, 16 levels left

rFire  . . .     SeeInvis +     (no weapon)
rCold  . . .     Clarity  .     a - +0 robe
rNeg   . . .     rCorr    .     (shield restricted)
rPois  .         rRot     .     (helmet restricted)
rElec  .         Spirit   .     (no cloak)
SustAb .         Warding  .     (gloves unavailable)
rMut   .         NoTele   +     (boots unavailable)
Gourm  .                        (no amulet)
MR     .....                    n - +3 ring of intelligence
                                m - +3 ring of strength

@: very quick, not resistant to hostile enchantments, fairly stealthy
A: unfitting armour, see invisible, herbivore 3, speed 3, slow metabolism 2
a: Renounce Religion


You were in the Dungeon.
You worshipped Sif Muna.
Sif Muna was noncommittal.
You were not hungry.

You visited 1 branch

Inventory:

Armour
 a - a +0 robe (worn)
Magical devices
 l - a wand of draining (7)
Scrolls
 i - 2 scrolls of blinking
 j - 3 scrolls of remove curse
 k - 2 scrolls of amnesia
Jewellery
 m - a +3 ring of strength (left hand)
 n - a +3 ring of intelligence (right hand)
Potions
 c - a potion of porridge
 d - 5 potions of curing
 e - 3 potions of heal wounds
 f - a potion of invisibility
 g - 3 potions of magic
 h - a potion of berserk rage
Books
 b - a book of Air

   Spells                             Type                      Level
   *Shock                             Conjuration/Air              1
   Swiftness                          Charms/Air                   2
   *Repel Missiles                    Charms/Air                   2
   Flight                             Charms/Air                   3
   Static Discharge                   Conjuration/Air              3
   Lightning Bolt                     Conjuration/Air              5


   Skills:
 - Level 3.0 Dodging
 - Level 3.0 Stealth
 + Level 8.5 Spellcasting
 - Level 0.6 Conjurations
 * Level 2.6 Air Magic


You had 16 spell levels left.
You knew the following spells:

 Your Spells              Type           Power        Failure   Level  Hunger
a - Shock                 Conj/Air       ###.         4%          1    None
b - Repel Missiles        Chrm/Air       ##....       10%         2    None


Dungeon Overview and Level Annotations

Branches:
Dungeon (1/1)

Altars:
Cheibriados
Dithmenos
Elyvilon
Fedhas
Gozag
Kikubaaqudgha
Makhleb
Nemelex Xobeh
Okawaru
Qazlal
Sif Muna
Trog
Vehumet
Xom
Yredelemnul
Zin
The Shining One
Beogh
Jiyva
Lugonu


Innate Abilities, Weirdness & Mutations

You are tiny and cannot use many weapons and most armour.
You have supernaturally acute eyesight.
You are a herbivore.
You cover ground extremely quickly.
You need consume almost no food.


Message History

You feel stronger.
m - a +3 ring of strength (left hand) Put on which piece of jewellery? (? for menu, Esc to quit)
You feel clever.
n - a +3 ring of intelligence (right hand)
You start resting.
You feel yourself slow down.
You start resting.
HP restored.
You start resting.
Your magical contamination has completely faded away.
You start resting.
Magic restored.
You open the door.
An iguana, a sky beast, a hobgoblin, an ogre, a necrophage and a skeleton come into view.
The hobgoblin shouts!
The ogre shouts!
There is an open door to the Dungeon here.
Evoke which item? (* to show all) (? for menu, Esc to quit)
Okay, then.
Are you sure you want to abandon this character and quit the game? (Confirm with "yes".)

▓.▓
▓|▓
▓)▓
▓[▓
▓[▓
▓[▓
▓.▓
▓.▓
▓@▓
▓n▓
▓Z▓
▓g▓
▓l▓
▓Y▓
▓O▓
▓+▓


You could see a sky beast (wandering), an ogre, a necrophage, an iguana, a
hobgoblin and a kobold skeleton.

Vanquished Creatures
  A worker ant (D)
  An adder (D)
  A giant gecko (D)
  A bat skeleton (D)
  A giant cockroach (D)
  2 hobgoblins (D)
  A jackal (D)
  A giant newt (D)
  A rat (D)
10 creatures vanquished.

Notes
Turn   | Place    | Note
--------------------------------------------------------------
     0 | D        | BluebellGnoll, the Spriggan Air Elementalist, began the quest for the Orb.
     0 | D        | Reached XP level 1. HP: 9/9 MP: 4/4
     7 | D        | Reached skill level 4 in Spellcasting
    20 | D        | Reached skill level 5 in Spellcasting
    70 | D        | Noticed a worker ant
    75 | D        | Reached XP level 2. HP: 13/13 MP: 4/11
    75 | D        | Reached skill level 6 in Spellcasting
    78 | D        | Killed a worker ant
    78 | D        | Reached skill level 8 in Spellcasting
    78 | D        | Reached XP level 3. HP: 13/16 MP: 1/18
    86 | D        | Found a glowing silver altar of Zin.
    86 | D        | Found a glowing golden altar of the Shining One.
    86 | D        | Found an ancient bone altar of Kikubaaqudgha.
    86 | D        | Found a basalt altar of Yredelemnul.
    86 | D        | Found a shimmering altar of Xom.
    86 | D        | Found a radiant altar of Vehumet.
    86 | D        | Found an iron altar of Okawaru.
    87 | D        | Found a burning altar of Makhleb.
    88 | D        | Found a deep blue altar of Sif Muna.
    89 | D        | Found a bloodstained altar of Trog.
    90 | D        | Found a sparkling altar of Nemelex Xobeh.
    91 | D        | Found a white marble altar of Elyvilon.
    92 | D        | Found a roughly hewn altar of Beogh.
    93 | D        | Found a viscous altar of Jiyva.
    94 | D        | Found a corrupted altar of Lugonu.
    95 | D        | Found a blossoming altar of Fedhas.
    96 | D        | Found a snail-covered altar of Cheibriados.
    97 | D        | Became a worshipper of Sif Muna the Loreminder
    98 | D        | Found a shadowy altar of Dithmenos.
    99 | D        | Found a stormy altar of Qazlal.
   100 | D        | Found an opulent altar of Gozag.
   121 | D        | Learned a level 2 spell: Repel Missiles
   217 | D        | Noticed a necrophage
   217 | D        | Noticed an iguana
   217 | D        | Noticed a sky beast
   217 | D        | Noticed an ogre
   219 | D        | Quit the game

Action                   || total
-------------------------++-------
 Cast: Shock             ||    16
  Use: Potion            ||     2
